 Dungeon Sprint DCSS version 0.31.0-32-g396128a36d (webtiles) character file.

Game seed: 16392606538232558605

60 AdnanSaban the Shield-Bearer (level 4, -4/31 HPs)
             Began as a Gargoyle Fighter on Apr 11, 2024.
             Splashed by a jelly's acid (8 damage)
             ... in the Dungeon (Sprint IX: "|||||||||||||||||||||||||||||").
             The game lasted 00:00:13 (40 turns).

AdnanSaban the Shield-Bearer (Gargoyle Fighter)       Turns: 40, Time: 00:00:14

Health: -4/31      AC:  6    Str: 22    XL:     4   Next: 4%
Magic:  4/4        EV:  9    Int:  8    God:
Gold:   0          SH:  5    Dex:  9    Spells: 3/3 levels left

rFire   . . .        a - +0 flail
rCold   . . .        c - +0 buckler
rNeg    + . .        b - +0 scale mail
rPois   ∞            (no helmet)
rElec   +            (no cloak)
rCorr   .            (no gloves)
SInv    .            (no boots)
Will    .....        (no amulet) Stlth
                     (no ring)
HPRegen 0.25/turn    (no ring)
MPRegen 0.09/turn

%: no teleportation
@: corroded
A: sickness immunity, AC +3, negative energy resistance 1, electricity
resistance, torment resistance 1, petrification resistance
a: no special abilities


You were in the Dungeon.
You visited 1 branch

Inventory:

Hand Weapons
 a - a +0 flail (weapon)
Armour
 b - a +0 scale mail (worn)
 c - a +0 buckler (worn)
Scrolls
 j - a scroll of blinking
Potions
 d - a potion of might
 e - a potion of curing
 f - a potion of heal wounds
 g - a potion of haste
 h - 2 potions of magic
 i - a potion of berserk rage


   Skills:
 + Level 5.3 Fighting
 + Level 3.6 Maces & Flails
 + Level 5.1 Armour
 + Level 0.7 Dodging
 + Level 5.5 Shields


You had 3 spell levels left.
You didn't know any spells.
Your spell library was empty.

Dungeon Overview and Level Annotations

Branches:
Dungeon (1/1)

Altars:


Innate Abilities, Weirdness & Mutations

You are immune to sickness and miasma.
Your stone body is resilient. (AC +3)
You are immune to poison.
You resist negative energy. (rN+)
You are resistant to electric shocks. (rElec)
You are resistant to unholy torment.
You are immune to petrification.


Message History

You closely miss the scorpion.
The scorpion stings you but does no damage.
The scorpion closely misses you.
You barely miss the scorpion. You block the scorpion's attack.
You sock the scorpion!
The scorpion is heavily wounded.
The scorpion closely misses you. You block the scorpion's attack.
You sock the scorpion!
You kill the scorpion!
Your Fighting skill gained 2 levels and is now at level 5!
Your Maces & Flails skill increases to level 3!
Your Armour skill gained 2 levels and is now at level 5!
Your Shields skill gained 2 levels and is now at level 5!
You have reached level 2!
You have reached level 3!
Your experience leads to an increase in your attributes!
Increase (S)trength, (I)ntelligence, or (D)exterity?
You feel stronger. x2
You have reached level 4!
You feel stronger.
You hit the jelly. The acid corrodes you!
Your hands burn!
The jelly is moderately wounded.
The jelly hits you.
You are splashed with acid!
The jelly hits you but does no damage.
You hit the jelly but do no damage.
Your hands burn!
The jelly is moderately wounded.
The jelly hits you but does no damage.
You hit the jelly.
Your hands burn!
* * * LOW HITPOINT WARNING * * *
The jelly is severely wounded.
The jelly barely misses you. The jelly attacks as it pursues you!
The jelly hits you but does no damage. The jelly attacks as it pursues you!
You block the jelly's attack.
You hit the jelly.
Your hands burn!
* * * LOW HITPOINT WARNING * * *
The jelly is almost dead.
The jelly hits you.
* * * LOW HITPOINT WARNING * * *
You are splashed with acid!
You die...

▓▓▓
▓<▓
▓.▓
▓.▓
▓.▓
▓†▓
▓†▓
▓@▓
▓J▓
▓c▓
▓S▓
▓'▓
▓J▓
▓.▓
▓.▓
▓.▓


You could see a centaur, 2 jellies and an adder.

Vanquished Creatures
  A scorpion (D)
  An endoplasm (D)
  2 ball pythons (D)
  A bat (D)
  A frilled lizard (D)
6 creatures vanquished.

Notes
Turn   | Place    | Note
-------+----------+-------------------------------------------
     0 | D        | AdnanSaban the Gargoyle Fighter began the quest for the
                  | Orb.
     0 | D        | Reached XP level 1. HP: 14/14 MP: 1/1
    28 | D        | Noticed a scorpion
    28 | D        | Noticed a jelly
    28 | D        | Noticed a centaur
    28 | D        | Noticed a jelly
    33 | D        | Killed a scorpion
    34 | D        | Reached skill level 5 in Fighting
    34 | D        | Reached skill level 5 in Armour
    34 | D        | Reached skill level 5 in Shields
    34 | D        | Reached XP level 2. HP: 16/21 MP: 2/2
    34 | D        | Reached XP level 3. HP: 20/26 MP: 3/3
    34 | D        | Reached XP level 4. HP: 25/31 MP: 4/4
    40 | D        | Splashed by a jelly's acid

Illustrated notes

Levels and vault maps discovered:
D:        linesprint [early_d, line_temple, items_1, d_10, items_2, lair_1,
          lair_end, items_3, orc_1, orc_end, items_4, d_15, swamp_1, shoals_1,
          snake_1, spider_1, d_20, vaults_1, items_5, swamp_end, shoals_end,
          snake_end, spider_end, vaults_end, d_27, items_6, zot_1, zot_end,
          crypt_end, forest_end, elf_end, slime_end, tomb_end, abyss_end,
          pan_hell_end]

Skill      XL: |  1 |
---------------+----+-----
Fighting       | 5 |  5.3
Maces & Flails | 3 |  3.6
Armour         | 5 |  5.1
Shields        | 5 |  5.5
Dodging        | |  0.7

Action                     |  1- 3 |  4- 6 || total
---------------------------+-------+-------++-------
  Melee: Flail             |    23 |     4 ||    27
 Armour: Scale mail        |    19 |     5 ||    24
  Dodge: Dodged            |    14 |     1 ||    15
  Block: Buckler           |     4 |     1 ||     5
